 Dungeon Crawl Stone Soup version bcrawl-1.31.4 (webtiles) character file.

Game seed: 17119360210226939021

103222 Morbidden the Sneak (level 2, -1/17 HPs)
             Began as a Skeleton Sloth Apostle on June 9, 2021.
             Was an Initiate of Cheibriados.
             Slain by a jackal (2 damage)
             ... on level 1 of the Dungeon.
             The game lasted 00:00:31 (379 turns).

Morbidden the Sneak (Skeleton Sloth Apostle)         Turns: 379, Time: 00:00:32

Health: -1/17      AC:  2    Str: 18 (19) XL:     2   Next: 20%
Magic:  0/4        EV:  6    Int: 10 (11) God:    Cheibriados [......]
Gold:   22         SH:  8    Dex:  9      Spells: 3/4 levels left

rFire    + . .     SeeInvis .   g - +1 dagger (venom)
rCold    + . .     Gourm    .   c - +0 medium shield
rNeg     + + +     Faith    .   b - +0 robe
rPois    ∞         Spirit   +   (no helmet)
rElec    .         Reflect  .   (no cloak)
rCorr    .         Harm     .   (no gloves)
MR       .....                  (no boots)
Stlth    ++........             (no amulet)
HPRegen  0.05/turn              f - ring of protection from fire
MPRegen  0.09/turn              (no ring)

@: very slow
A: no food or potions, cold resistance 1, deterioration 1, negative energy
resistance 3, torment resistance, unbreathing, magic shield, sturdy frame 1,
spell healing
a: Bend Time, Renounce Religion


You were on level 1 of the Dungeon.
You worshipped Cheibriados.
Cheibriados was noncommittal.
You were not hungry.

You visited 1 branch of the dungeon, and saw 1 of its levels.

You collected 22 gold pieces.

Inventory:

Hand Weapons
 a - a +0 falchion
 e - a +0 spear of piercing
 g - a +1 dagger of venom (weapon)
Armour
 b - a +0 robe (worn)
 c - a +0 medium shield (worn)
Jewellery
 f - a ring of protection from fire (left hand)
Wands
 d - a wand of paralysis (10)
Scrolls
 i - a scroll of identify


   Skills:
 + Level 2.0 Fighting
 + Level 2.6 Long Blades
 + Level 4.2 Stealth
 + Level 2.5 Shields
 + Level 1.5 Spellcasting
 + Level 2.2 Hexes
 + Level 0.8 Evocations


You had 3 spell levels left.
You knew the following spells:

 Your Spells              Type           Power        Failure   Level  Hunger
a - Slow                  Hex            #.......     94%         1    N/A
Your spell library was empty.

Dungeon Overview and Level Annotations

Branches:
Dungeon (1/12)

Altars:


Innate Abilities, Weirdness & Mutations

You do not eat or drink.
You are immune to poison.
Your flesh is cold resistant. (rC+)
Your body sometimes deteriorates upon taking damage.
You are immune to negative energy. (rN+++)
You are immune to unholy pain and torment.
You can survive without breathing.
When hurt, damage is shared between your health and your magic reserves.
Your movements are slightly less encumbered by armour. (ER -2)
Casting spells heals you.


Message History

* * * LOW HITPOINT WARNING * * *
You block the kobold's attack.
No path to travel!
You closely miss the kobold.
The kobold is severely wounded.
The jackal closely misses you. The kobold hits you.
* * * LOW HITPOINT WARNING * * *
You block the jackal's attack.
Your shield prevents you from hitting the kobold.
The kobold is severely wounded.
You block the jackal's attack. The kobold hits you.
Unknown command.
Unknown command.
You can't drink.
Unknown command.
You hit the kobold.
You kill the kobold!
Cheibriados appreciates the change of pace.
The jackal bites you.
You die...

......##.#.###.....#
.....†#....#...##..#
....†.......#...#..#####
.##...#...#.............
.#..#.##.##.#...#......
............##.##......
..................###
....>...#....##.†...#
..........##.###@h#.#
..................# #
...>.....#....
............. ....>.
.........
.....#......... ....
.......... ....
#.........


You could see a jackal.

Vanquished Creatures
  A dart slug (D:1)
  2 goblins (D:1)
  2 jackals (D:1)
  A quokka (D:1)
  4 kobolds (D:1)
10 creatures vanquished.

Notes
Turn   | Place    | Note
-------+----------+-------------------------------------------
     0 | D:1      | Morbidden the Skeleton Sloth Apostle began the quest for
                  | the Orb.
     0 | D:1      | Reached XP level 1. HP: 12/12 MP: 3/3
   132 | D:1      | Reached skill level 4 in Stealth
   343 | D:1      | Reached XP level 2. HP: 17/17 MP: 4/4
   379 | D:1      | Slain by a jackal

Skill      XL: |  1 |
---------------+----+-----
Stealth        | 4 |  4.2
Fighting       | |  2.0
Long Blades    | |  2.6
Shields        | |  2.5
Spellcasting   | |  1.5
Hexes          | |  2.2
Evocations     | |  0.8

Action                   || total
-------------------------++-------
Melee: Spear             ||    31
       Falchion          ||     3
       Dagger            ||     4
 Stab: Sleeping          ||     3
Armor: Robe              ||     5
Dodge: Dodged            ||    13
Block: Medium shield     ||    17
